 Dungeon Crawl Stone Soup version 0.21-b1-23-g1fb0a74c36 (webtiles) character file.

267 shotgun1337 the Shield-Bearer (level 6, -5/38 HPs)
             Began as a Gargoyle Fighter on Jan 5, 2018.
             Was an Initiate of Okawaru.
             Killed by divine providence
             ... invoked by an orc priest
              (14 damage)
             ... on level 4 of the Dungeon on Jan 6, 2018.
             The game lasted 00:12:20 (2832 turns).

shotgun1337 the Shield-Bearer (Gargoyle Fighter)    Turns: 2832, Time: 00:12:20

Health: -5/38      AC: 11    Str: 22    XL:     6   Next: 21%
Magic:  6/6        EV:  8    Int:  8    God:    Okawaru [......]
Gold:   139        SH: 10    Dex:  9    Spells: 5/5 levels left

rFire    x . .     SeeInvis .   a - +0 long sword
rCold    + . .     Gourm    .   u - +1 shield {reflect}
rNeg     + + .     Faith    .   b - +0 scale mail
rPois    ∞         Spirit   .   (no helmet)
rElec    +         Reflect  +   (no cloak)
rCorr    .         Harm     .   (no gloves)
MR       .....                  (no boots)
Stlth    ..........             (no amulet)
HPRegen  0.12/turn              l - ring of positive energy
MPRegen  0.10/turn              t - ring of ice

@: no status effects
A: negative energy resistance 1, electricity resistance, unbreathing,
petrification resistance, rot immunity, AC +4
a: Renounce Religion


You were on level 4 of the Dungeon.
You worshipped Okawaru.
Okawaru was noncommittal.
You were not hungry.

You visited 1 branch of the dungeon, and saw 4 of its levels.

You collected 139 gold pieces.

Inventory:

Hand Weapons
 a - a +0 long sword (weapon)
 q - a cursed -1 short sword
Armour
 b - a +0 scale mail (worn)
 u - a +1 shield of reflection (worn)
Jewellery
 l - a ring of positive energy (left hand)
 t - a ring of ice (right hand)
Wands
 e - a wand of iceblast (8)
 r - a wand of clouds (4)
Scrolls
 g - a scroll of magic mapping
 i - 3 scrolls of teleportation
 m - 2 scrolls of identify
Potions
 d - 3 potions of might
 j - a potion of haste {unknown}
 k - a potion of flight {unknown}
 n - a potion of curing {unknown}
 p - a potion of berserk rage {unknown}
 s - a potion of brilliance {unknown}
Books
 o - a book of Dreams

   Spells                             Type                      Level
   a - Ensorcelled Hibernation        Hexes/Ice                    2
   b - Borgnjor's Vile Clutch         Necromancy/Earth             5
   c - Silence                        Hexes/Air                    5
   d - Darkness                       Hexes                        6
   e - Shadow Creatures               Summoning                    6


   Skills:
 + Level 3.9 Fighting
 + Level 3.8 Long Blades
 + Level 3.8 Armour
 + Level 1.2 Dodging
 + Level 4.8 Shields


You had 5 spell levels left.
You didn't know any spells.

Dungeon Overview and Level Annotations

Branches:
Dungeon (4/15)
 Temple: D:4-7

Altars:
Gozag
Okawaru
Uskayaw
Wu Jian
The Shining One


Innate Abilities, Weirdness & Mutations

You are resistant to torment.
Your stone body is resilient. (AC +4)
You are immune to poison.
You resist negative energy. (rN+)
You are resistant to electric shocks. (rElec)
You can survive without breathing.
You are immune to petrification.
You are immune to rotting.


Message History

The orc priest is moderately wounded.
The orc priest hits you but does no damage.
The orc priest hits you.
You hit the orc priest but do no damage.
The orc priest is moderately wounded.
The orc priest mumbles some strange prayers to Beogh against you.
Beogh smites you!
* * * LOW HITPOINT WARNING * * *
You closely miss the orc priest.
The orc priest is moderately wounded.
The orc priest hits you but does no damage.
You completely miss the orc priest.
The orc priest is moderately wounded.
You block the orc priest's attack.
You closely miss the orc priest.
The orc priest is moderately wounded.
You block the orc priest's attack.
The orc priest invokes the aid of Beogh against you.
Beogh smites you!
You die...

#.#.#
#..#####
###.#.###..#
#.#
#........(.#
#.#
##########.#
#.# #.# #.#
#.# #.#
#.#####o#
#.....#o#
###...#@#
#.#.#.#
#.###.#
#.....#
#######


You could see an orc priest and an orc.

Vanquished Creatures
  An orc priest (D:3)
  2 orc wizards (D:3)
  An iguana (D:2)
  4 adders (D:2)
  An adder skeleton (D:4)
  4 worms
  A dart slug (D:1)
  3 leopard geckos
  12 orcs
  4 giant cockroaches
  12 goblins
  10 hobgoblins
  4 jackals (D:2)
  A quokka (D:3)
  3 ball pythons
  7 bats
  6 frilled lizards
  6 kobolds
  11 rats
93 creatures vanquished.

Notes
Turn   | Place    | Note
-------+----------+-------------------------------------------
     0 | D:1      | shotgun1337 the Gargoyle Fighter began the quest for the Orb.
     0 | D:1      | Reached XP level 1. HP: 14/14 MP: 1/1
   192 | D:1      | Reached XP level 2. HP: 16/19 MP: 2/2
   385 | D:1      | Reached XP level 3. HP: 18/24 MP: 3/3
  1133 | D:2      | Reached XP level 4. HP: 22/29 MP: 4/4
  1165 | D:2      | Found an iron altar of Okawaru.
  1167 | D:2      | Found an opulent altar of Gozag.
  1170 | D:2      | Found an ornate altar of the Wu Jian Council.
  1209 | D:2      | Became a worshipper of Warmaster Okawaru
  1250 | D:2      | Reached skill level 4 in Shields
  1408 | D:2      | Reached XP level 5. HP: 27/33 MP: 5/5
  1494 | D:2      | Found a glowing golden altar of the Shining One.
  1611 | D:2      | Reached skill level 1 in Dodging
  2039 | D:3      | Reached XP level 6. HP: 24/38 MP: 6/6
  2631 | D:3      | Found a hide-covered altar of Uskayaw.
  2832 | D:4      | Killed from afar by an orc priest

Skill      XL: |  1  2  3  4  5 |
---------------+----------------+-----
Long Blades    | 2 3 |  3.8
Shields        | 4 |  4.8
Dodging        | 1 |  1.2
Fighting       | |  3.9
Armour         | |  3.8

Action                   |  1- 3 |  4- 6 || total
-------------------------+-------+-------++-------
Melee: Long sword        |   127 |   216 ||   343
  Use: Scroll            |       |     6 ||     6
  Eat: Ration            |     1 |     1 ||     2
       Chunk             |       |     2 ||     2
Armor: Scale mail        |   117 |   137 ||   254
Dodge: Dodged            |    57 |    86 ||   143
Block: Shield            |   118 |   167 ||   285
       Rpst.: Long sword |    17 |    34 ||    51
